Map: Fracture LE

Players

Miloux

  • Race: Protoss Protoss
  • League: Diamond
  • Spawn Location: 5:00

woof - Winner!

  • Race: Zerg Zerg
  • League: Diamond
  • Spawn Location: 11:00

VOD

Have the link to the VOD?

Description

Time

  • Played on: Oct. 5, 2018, 4:08 a.m.
  • Length: 19:31
Show
View Real Time Build Order
Export as new Build Order

Miloux Protoss 

Build Orders: 1 Gate Expand 

Get SALT Encoding   

  12  0:02  Probe  
  14  0:14  Probe  
  14  0:24  Pylon  
  14  0:27  Probe  
  15  0:42  Probe  
  16  0:50  Gateway  
  16  0:54  Probe  
  16  0:56  Assimilator  
  17  1:06  Pylon, Probe  
  18  1:18  Probe  
  19  1:32  Nexus  
  19  1:34  Probe  
  20  1:56  Cybernetics Core  
  20  1:59  Gateway  
  20  2:03  Zealot  
  22  2:14  Assimilator  
  22  2:15  Pylon  
  23  2:22  Probe  
  23  2:36  Adept  
  25  2:52  Probe  
  25  2:53  Probe  
  25  2:57  Pylon  
  27  3:04  Adept  
  31  3:07  Adept  
  31  3:21  Probe x2  
  31  3:26  Robotics Facility  
  33  3:29  Twilight Council  
  33  3:30  Warp Gate, Probe  
  33  3:33  Probe  
  35  3:35  Assimilator  
  35  3:39  Probe  
  35  3:43  Adept  
  38  3:49  Adept  
  38  3:50  Probe  
  38  3:55  Probe  
  42  4:02  Probe  
  42  4:07  Probe  
  44  4:15  Probe  
  45  4:18  Immortal  
  45  4:21  Probe  
  45  4:24  Resonating Glaives  
  50  4:27  Probe  
  51  4:33  Probe  
  52  4:44  Dark Shrine  
  52  4:47  Probe x2  
  54  4:52  Pylon  
  54  5:01  Pylon  
  54  5:10  Warp Prism  
  54  5:11  Shield Battery  
  56  5:17  Shield Battery  
  56  5:20  Probe  
  56  5:21  Probe  
  58  5:33  Probe  
  58  5:34  Probe  
  60  5:38  Nexus  
  60  5:39  Gateway  
  60  5:40  Pylon  
  60  5:49  Immortal  
  64  5:50  Probe x2  
  64  5:56  Pylon  
  66  6:01  Pylon  
  66  6:05  Probe  
  66  6:07  Probe  
  68  6:14  Shield Battery  
  68  6:17  Pylon  
  68  6:18  Probe  
  69  6:24  Forge  
  69  6:35  Dark Templar x2  
  73  6:48  Probe  
  70  6:57  Robotics Bay  
  70  6:59  Probe  
  70  7:00  Probe  
  70  7:01  Probe  
  72  7:07  Probe  
  73  7:11  Assimilator  
  73  7:13  Probe  
  73  7:15  Probe  
  75  7:17  Charge  
  75  7:19  Pylon  
  76  7:23  Pylon  
  76  7:27  Photon Cannon  
  76  7:28  Probe  
  76  7:29  Probe x2  
  79  7:30  Photon Cannon  
  79  7:34  Photon Cannon  
  79  7:40  Probe  
  79  7:41  Probe  
  79  7:42  Sentry x2  
  79  7:43  Gateway  
  85  7:46  Gateway  
  81  7:59  Colossus  
  81  8:03  Zealot  
  73  8:08  Probe x2  
  73  8:11  Protoss Ground Weapons Level 1  
  73  8:12  Probe  
  82  8:23  Gateway  
  82  8:24  Probe x2  
  82  8:26  Gateway  
  84  8:31  Dark Templar, Extended Thermal Lance  
  84  8:32  Dark Templar x2  
  90  8:36  Archon  
  90  8:43  Assimilator  
  90  8:46  Assimilator  
  90  8:49  Colossus  
  96  8:58  Photon Cannon  
  96  9:00  Pylon  
  96  9:05  Dark Templar  
  96  9:06  Dark Templar x2  
  96  9:08  Probe  
  97  9:20  Archon  
  97  9:27  Probe x2  
  99  9:32  Zealot x2  
  101  9:43  Zealot x3  
  96  9:51  Colossus  
  96  9:55  Protoss Ground Weapons Level 2  
  102  10:07  Probe  
  102  10:08  Probe x2  
  105  10:17  Stalker x3  
  105  10:18  Stalker  
  105  10:20  Zealot x2  
  117  10:30  Pylon  
  117  10:32  Nexus  
  117  10:33  Pylon  
  117  10:38  Zealot  
  119  10:46  Observer  
  119  10:48  Gateway  
  119  10:51  Gateway  
  119  10:54  Gateway  
  117  10:58  Gateway  
  117  11:01  Gateway  
  117  11:02  Pylon  
  107  11:05  Pylon  
  107  11:07  Pylon  
  97  11:14  Archon  
  97  11:16  Zealot  
  97  11:17  Zealot x4  
  107  11:19  Stalker x2  
  107  11:21  Colossus, Probe  
  100  12:05  Zealot x3  
  98  12:10  Stalker  
  98  12:11  Stalker x3  
  106  12:26  Zealot x4  
  106  12:27  Zealot x4  
  118  12:34  Zealot  
  118  12:35  Zealot x3  
  107  12:48  Immortal  
  107  13:09  Dark Templar x4  
  107  13:10  Dark Templar x3  
  107  13:11  Dark Templar x2, Nexus  
  107  13:12  Robotics Facility  
  125  13:14  Robotics Facility  
  125  13:19  Zealot x3  
  131  13:32  Protoss Ground Weapons Level 3  
  131  13:41  Immortal  
  135  13:49  Archon x4  
  135  13:52  Zealot x2  
  135  13:53  Zealot x5  
  135  13:54  Zealot x3  
  125  14:19  Zealot x2  
  125  14:20  Zealot x2  
  125  14:41  Dark Templar x3  
  131  14:46  Immortal  
  131  14:47  Immortal x2  
  143  15:00  Probe x2  
  145  15:09  Pylon  
  145  15:12  Pylon  
  145  15:16  Assimilator  
  145  15:17  Zealot  
  145  15:19  Assimilator  
  147  15:26  Immortal  
  145  15:44  Zealot x3  
  145  15:45  Zealot x3  
  145  15:46  Zealot  
  142  15:50  Zealot x2  
  112  16:05  Zealot x2  
  112  16:06  Zealot x2  
  112  16:23  Zealot x2  
  112  16:24  Zealot  
  118  16:38  Stalker  
  118  16:39  Stalker x2  
  120  16:49  Immortal  
  124  16:58  Sentry x2  
  58  17:25  Zealot  
  58  17:29  Zealot x2  
  54  17:30  Zealot, Stalker x2  
  54  17:31  Stalker x3  
  62  17:51  Probe x2  
  63  17:52  Zealot x2  
  68  17:59  Immortal  
  68  18:00  Immortal  
  74  18:18  Zealot x4  
  64  18:26  Zealot x3  
  58  18:40  Zealot  
  58  18:42  Zealot x3  
  57  18:54  Zealot  
  47  19:07  Zealot x5  
Show
View Real Time Build Order
Export as new Build Order

woof Zerg - Winner!

Build Orders: Hatch First 

Get SALT Encoding   

  12  0:01  Drone  
  13  0:20  Drone  
  14  0:21  Overlord  
  14  0:39  Drone  
  14  0:41  Drone  
  16  0:47  Drone  
  17  0:52  Drone  
  18  1:27  Hatchery, Drone x3  
  18  1:32  Extractor  
  19  1:34  Spawning Pool  
  18  1:40  Overlord  
  18  1:58  Drone  
  19  2:03  Drone  
  20  2:11  Drone  
  21  2:21  Hatchery, Drone  
  21  2:25  Queen  
  23  2:32  Drone  
  24  2:41  Queen  
  24  2:42  Drone  
  27  2:58  Zergling x2, Drone x2  
  30  3:06  Drone x2  
  30  3:11  Overlord  
  32  3:17  Drone  
  33  3:27  Drone x2  
  33  3:29  Metabolic Boost  
  35  3:40  Queen  
  37  3:42  Drone x5  
  37  3:45  Zergling x4  
  37  3:46  Zergling x2, Queen  
  47  3:58  Zergling x2, Drone x2  
  47  3:59  Overlord x2  
  50  4:12  Lair  
  50  4:15  Overlord  
  50  4:17  Drone  
  50  4:20  Drone x5  
  50  4:21  Drone  
  57  4:35  Drone x3  
  60  4:43  Drone x5  
  64  4:50  Baneling Nest  
  63  4:52  Spine Crawler  
  63  4:53  Spore Crawler  
  63  4:57  Spine Crawler  
  63  4:59  Spine Crawler, Drone, Overlord  
  60  5:00  Drone x2  
  60  5:03  Zergling x2, Drone  
  64  5:14  Extractor x2  
  62  5:15  Drone x3  
  62  5:16  Drone x2  
  62  5:17  Queen x2  
  62  5:18  Queen  
  62  5:19  Zergling x4  
  75  5:27  Drone x4  
  75  5:28  Spore Crawler  
  78  5:33  Evolution Chamber  
  78  5:35  Drone x2  
  79  5:36  Evolution Chamber  
  79  5:38  Extractor  
  79  5:39  Extractor, Overlord  
  76  5:43  Centrifical Hooks  
  76  5:53  Queen  
  78  6:04  Zergling x2, Overlord  
  78  6:05  Zergling x4, Drone x4  
  78  6:06  Zergling x4  
  87  6:16  Zergling x4, Drone  
  87  6:17  Baneling x5  
  87  6:18  Baneling x6  
  90  6:23  Extractor  
  89  6:32  Infestation Pit  
  88  6:37  Zerg Melee Weapons Level 1  
  88  6:38  Evolution Chamber  
  86  6:54  Spore Crawler  
  86  6:55  Overseer  
  86  6:56  Overseer  
  85  7:09  Zerg Ground Armor Level 1  
  85  7:13  Hive, Zergling x6  
  85  7:14  Zergling x10, Overlord  
  85  7:15  Zergling x8, Overlord x3  
  96  7:16  Zergling x2, Overlord x5  
  96  7:20  Zerg Missile Weapons Level 1  
  98  7:28  Overlord x2  
  98  7:29  Overlord  
  98  7:32  Queen x2, Overseer  
  102  7:37  Baneling  
  102  7:38  Baneling x11  
  92  8:02  Zergling x4  
  92  8:03  Zergling x18  
  99  8:38  Zergling x2  
  99  8:39  Zergling x22  
  111  8:45  Hatchery, Zergling x2, Spore Crawler x2  
  111  8:46  Zergling x2  
  110  8:48  Spore Crawler  
  110  8:51  Baneling  
  110  8:52  Baneling x14  
  110  8:53  Baneling x6  
  109  9:04  Ultralisk Cavern, Zerg Melee Weapons Level 2  
  109  9:05  Zerg Ground Armor Level 2  
  108  9:11  Adrenal Glands  
  105  9:28  Zergling x2  
  105  9:29  Zergling x20  
  91  9:46  Zergling x8  
  91  9:47  Zergling x18  
  94  9:57  Viper, Zergling x6  
  94  9:58  Ultralisk  
  106  10:06  Drone x5  
  111  10:10  Chitinous Plating  
  111  10:13  Zerg Missile Weapons Level 2  
  111  10:17  Baneling x5  
  111  10:18  Baneling  
  111  10:19  Baneling  
  111  10:35  Drone  
  111  10:36  Ultralisk, Drone x4  
  122  10:43  Baneling  
  122  10:44  Baneling x12  
  122  10:46  Drone  
  123  10:51  Zergling x4  
  108  11:11  Drone  
  89  11:12  Ultralisk x2  
  89  11:18  Zergling x18  
  102  11:19  Zergling x4  
  102  11:23  Drone x4  
  102  11:24  Drone  
  117  11:30  Zerg Melee Weapons Level 3  
  117  11:33  Zergling x2  
  117  11:34  Zergling x6  
  117  11:35  Zergling x2  
  122  11:46  Ultralisk, Zergling x2  
  129  11:50  Zergling x2  
  129  11:51  Zergling x10  
  129  11:53  Extractor  
  124  11:57  Zergling x4  
  124  11:58  Zergling x8  
  124  11:59  Zergling x2  
  114  12:04  Zergling x4  
  114  12:05  Zergling x2  
  114  12:06  Queen  
  113  12:15  Zerg Ground Armor Level 3  
  113  12:20  Zergling x2  
  113  12:21  Zergling x2  
  115  12:23  Zergling x2  
  115  12:24  Ultralisk, Zergling x4  
  122  12:30  Ultralisk  
  116  12:42  Zergling x2, Drone  
  116  12:43  Ultralisk, Zergling x2  
  116  12:44  Zergling x2  
  116  12:51  Ultralisk  
  116  12:53  Drone  
  117  13:07  Hydralisk Den  
  116  13:16  Zergling x4  
  116  13:17  Ultralisk, Zergling x4  
  116  13:18  Zergling x2  
  127  13:22  Queen  
  127  13:25  Hatchery  
  128  13:34  Ultralisk, Zergling x2  
  129  13:35  Zergling x8  
  129  13:36  Zergling x6  
  142  13:49  Extractor  
  142  13:52  Ultralisk, Zergling x2, Hydralisk x2  
  142  13:55  Zergling x2, Hydralisk  
  153  13:56  Zergling x4  
  153  13:58  Baneling x2  
  157  14:06  Zergling x2, Hydralisk x2, Drone  
  157  14:07  Hydralisk  
  138  14:14  Hydralisk, Drone  
  138  14:15  Hydralisk x2  
  115  14:20  Hydralisk  
  115  14:21  Zergling x2  
  115  14:22  Zergling x8  
  115  14:23  Zergling x2  
  123  14:29  Hydralisk x2  
  123  14:30  Zergling x4  
  126  14:31  Zergling x2  
  126  14:35  Hydralisk x2  
  126  14:37  Zergling x2  
  131  14:38  Hydralisk  
  131  14:40  Baneling  
  131  14:41  Baneling x3  
  133  14:55  Zerg Missile Weapons Level 3  
  133  14:57  Hydralisk  
  133  14:58  Zergling x4, Hydralisk  
  133  14:59  Zergling x12  
  145  15:00  Zergling x2  
  146  15:07  Hydralisk x3  
  146  15:08  Zergling x2  
  146  15:09  Zergling x2  
  146  15:10  Zergling x2  
  155  15:14  Drone x4  
  155  15:15  Drone  
  155  15:16  Drone  
  155  15:19  Baneling  
  161  15:31  Hydralisk  
  161  15:32  Ultralisk, Zergling x6, Hydralisk  
  173  15:37  Zergling x4  
  159  15:55  Zergling x2, Hydralisk  
  159  15:56  Ultralisk, Zergling x12, Hydralisk x2  
  170  15:57  Zergling x2  
  164  16:10  Hydralisk  
  164  16:11  Ultralisk, Zergling x6  
  162  16:12  Zergling x2  
  161  16:20  Overseer  
  161  16:22  Hydralisk x2  
  161  16:23  Zergling x6  
  161  16:25  Overseer  
  156  16:26  Overseer  
  156  16:27  Zergling x2  
  157  16:35  Pneumatized Carapace  
  157  16:36  Hydralisk  
  157  16:37  Zergling x8  
  162  16:40  Drone x2  
  162  16:42  Zergling x2  
  162  16:44  Hydralisk  
  162  16:45  Baneling  
  162  16:46  Baneling x2  
  167  16:47  Baneling x2  
  167  16:48  Baneling  
  167  16:49  Baneling x2  
  167  17:01  Overlord x5  
  167  17:04  Zergling x2  
  167  17:05  Zergling x4  
  153  17:08  Hydralisk  
  153  17:09  Zergling x2  
  153  17:11  Zergling x2  
  153  17:12  Zergling x4  
  153  17:13  Zergling x2  
  132  17:16  Hydralisk  
  132  17:17  Zergling x2  
  132  17:18  Zergling x4  
  132  17:22  Hydralisk  
  113  17:23  Zergling x4  
  117  17:32  Extractor  
  117  17:34  Spore Crawler  
  117  17:35  Zergling x4, Hydralisk x2  
  117  17:36  Zergling x6  
  124  17:38  Zergling x2  
  113  17:47  Zergling x2  
  114  17:54  Hatchery  
  114  17:56  Zergling x4, Hydralisk x2  
  114  17:57  Zergling x4  
  121  18:04  Drone x6  
  121  18:05  Extractor  
  126  18:09  Hydralisk  
  126  18:10  Zergling x6  
  130  18:17  Hydralisk  
  130  18:18  Zergling x6  
  130  18:19  Zergling x4  
  136  18:21  Zergling x2  
  136  18:22  Zergling x4  
  136  18:23  Zergling x2  
  138  18:33  Ultralisk, Zergling x6  
  143  18:36  Zergling x4  
  143  18:39  Zergling x4  
  143  18:40  Zergling x4  
  148  18:48  Zergling x10, Hydralisk  
  147  18:51  Zergling x4  
  147  18:52  Zergling x2  
  149  19:02  Zergling x6  
  157  19:04  Zergling x2  
  157  19:09  Zergling x4  
Tags
 
Add a new tag
Caveats
  • Supply blocks, unpowered buildings, or Contaminate may cause inaccurate times.
  • Supply counts are checked every 10 seconds.